 Dungeon Crawl Stone Soup version 0.24.0-13-gcf9b319 (webtiles) character file.

Game seed: 709693148196936117, levelgen mode: deterministic

411 Fortress the Chucker (level 6, 0/62 HPs)
             Began as an Ogre Hunter on Jan 5, 2020.
             Was an Initiate of Dithmenos.
             Slain by a quasit (1 damage)
             ... on level 5 of the Dungeon.
             The game lasted 00:26:45 (4216 turns).

Fortress the Chucker (Ogre Hunter)                  Turns: 4216, Time: 00:26:46

Health: 0/62       AC:  4    Str: 17 (19) XL:     6   Next: 90%
Magic:  6/6        EV:  1    Int: 11 (12) God:    Dithmenos [......]
Gold:   201        SH:  0    Dex: -7 (9)  Spells: 5/5 levels left

rFire    . . .     SeeInvis .   q - +0 giant club
rCold    . . .     Gourm    .   (shield currently unavailable)
rNeg     . . .     Faith    .   b - +1 robe
rPois    .         Spirit   .   (helmet restricted)
rElec    .         Reflect  .   (no cloak)
rCorr    .         Harm     .   (gloves unavailable)
MR       .....                  (boots unavailable)
Stlth    ..........             k - amulet of magic regeneration
HPRegen  0.20/turn              j - ring of wizardry
MPRegen  0.35/turn              (no ring)

@: about to teleport, slowed, lost dexterity, very slow
A: large, unfitting armour, tough skin 1
a: Renounce Religion


You were on level 5 of the Dungeon.
You worshipped Dithmenos.
Dithmenos was noncommittal.
You were very hungry.

You visited 2 branches of the dungeon, and saw 6 of its levels.

You collected 201 gold pieces.

Inventory:

Hand Weapons
 a - a +1 short sword
 n - a +0 shortbow
 q - a +0 giant club (weapon)
 s - a +0 hunting sling
Missiles
 c - 3 large rocks (quivered)
 d - 2 throwing nets
 e - 96 sling bullets
 p - 45 poisoned darts
 x - 4 boomerangs
Armour
 b - a +1 robe (worn)
Jewellery
 j - a ring of wizardry (left hand)
 k - an amulet of magic regeneration (around neck)
 t - an uncursed amulet of the acrobat
Scrolls
 h - 2 scrolls of teleportation
 i - 2 scrolls of identify
 o - a scroll of blinking
 u - a scroll of magic mapping
Potions
 g - a potion of degeneration
 l - a potion of heal wounds {unknown}
 m - 2 potions of brilliance {unknown}
 r - a potion of agility {unknown}
Comestibles
 f - 7 rations


   Skills:
 + Level 3.7 Fighting
 - Level 3.3 Short Blades
 + Level 6.3 Throwing
 - Level 2.2 Dodging
 - Level 1.0 Stealth


You had 5 spell levels left.
You didn't know any spells.
Your spell library was empty.

Dungeon Overview and Level Annotations

Branches:
Dungeon (5/15)             Temple (1/1) D:5

Altars:
Ashenzari
Cheibriados
Dithmenos
Elyvilon
Fedhas
Gozag
Hepliaklqana
Kikubaaqudgha
Makhleb
Nemelex Xobeh
Okawaru
Ru
Sif Muna
Trog
Uskayaw
Vehumet
Wu Jian
Xom
Yredelemnul
Zin
The Shining One


Innate Abilities, Weirdness & Mutations

You are too large for most types of armour.
You have tough skin. (AC +1)


Message History

The quasit bites you but does no damage.
The quasit claws you but does no damage.
The quasit claws you.
* * * LOW HITPOINT WARNING * * *
You feel clumsy. The quasit bites you.
* * * LOW HITPOINT WARNING * * *
The quasit claws you but does no damage. x2
You miss the quasit.
The quasit is severely wounded.
The quasit bites you.
* * * LOW HITPOINT WARNING * * *
You feel clumsy.
The quasit claws you but does no damage. x2
The quasit bites you but does no damage.
The quasit claws you but does no damage. x2
The quasit bites you.
* * * LOW HITPOINT WARNING * * *
The quasit claws you.
You die...

########..###.#.......#,*
########..###.#.(.....#,*
#.............#.(.....#,**
####..##.######.......#,,**
##.##.# *#..###,*,,,**
#.##.# #.#.,,,,,,,,* **
#.#..# #.#.#,*.*,*,* *,
#.#.## #5#,,...,,,,** *,
#.#.########@#.#.#.*,*,<*
*,
#.#.#...............,,,,*
**
#.#.#.######...#.#.#,*,,* *
#.#.#.# #........,,,,* *
#.#.#.# #.#.#.#.#,*,,* *
#.#.#.# #.......$,,,,*****
#.#...# #########***,,,,,*
#.#.### *,***,, #...# *,*
***


You could see a quasit.

Vanquished Creatures
  An ogre (D:5)
  A phantom (D:4)
  A howler monkey (D:4)
  A crimson imp (D:4)
  A centaur skeleton (D:4)
  A worker ant (D:4)
  5 adders
  2 leopard geckos
  2 orcs (D:4)
  A giant cockroach (D:1)
  11 goblins
  4 hobgoblins
  7 jackals
  8 kobolds
  3 quokkas
  8 bats
  6 frilled lizards
  A quokka skeleton (D:4)
  17 rats
81 creatures vanquished.

Notes
Turn   | Place    | Note
-------+----------+-------------------------------------------
     0 | D:1      | Fortress the Ogre Hunter began the quest for the Orb.
     0 | D:1      | Reached XP level 1. HP: 22/22 MP: 1/1
    38 | D:1      | Reached XP level 2. HP: 10/29 MP: 2/2
   411 | D:1      | Reached XP level 3. HP: 26/36 MP: 3/3
  1566 | D:2      | Reached skill level 5 in Throwing
  1566 | D:2      | Reached skill level 1 in Stealth
  1583 | D:2      | Reached XP level 4. HP: 16/45 MP: 4/4
  2020 | D:3      | Reached skill level 1 in Short Blades
  2671 | D:4      | Reached XP level 5. HP: 53/53 MP: 5/5
  3030 | D:4      | Noticed a phantom
  3033 | D:4      | Killed a phantom
  3033 | D:4      | Reached skill level 6 in Throwing
  3033 | D:4      | Reached XP level 6. HP: 61/61 MP: 6/6
  3413 | D:5      | Entered Level 5 of the Dungeon
  3500 | D:5      | Found a staircase to the Ecumenical Temple.
  3550 | Temple   | Entered the Ecumenical Temple
  4009 | Temple   | Became a worshipper of Dithmenos the Shadowed
  4208 | D:5      | Lost dexterity.
  4216 | D:5      | HP: 3/62 [quasit (3)]
  4216 | D:5      | HP: 1/62 [quasit (2)]
  4216 | D:5      | Slain by a quasit

Levels and vault maps discovered:
D:1:      erik_arrival_orb_chamber, layout_basic, minmay_misc_feat_ornament
D:2:      layout_loops_cross
D:3:      layout_loops_cross, amethyst_killhole, minmay_door_square
D:4:      layout_basic, first_ration
D:5:      layout_basic, minmay_temple_entry_sparse_star,
          serial_co_window_serial, co_window_paths_b, co_window_corner_a,
          co_window_of_opportunity_a, co_window_paths_a, co_window_corner_a,
          co_window_corner_a, co_window_corner_b, co_window_cross_3,
          co_window_corner_ca, co_window_4corner_a, glass_columns_c,
          glass_columns_a, uniq_ijyb
Temple:   regret_index_temple_sigil_plot

Skill      XL: |  1  2  3  4  5  6 |
---------------+-------------------+-----
Dodging        | 2 |  2.2
Fighting       | 3 |  3.7
Throwing       | 5 6 |  6.3
Stealth        | 1 |  1.0
Short Blades   | 1 2 3 |  3.3

Action                   |  1- 3 |  4- 6 || total
-------------------------+-------+-------++-------
Melee: Short sword       |   116 |    45 ||   161
       Giant club        |       |    20 ||    20
Throw: Large rock        |    36 |    36 ||    72
  Use: Scroll            |     5 |     9 ||    14
       Potion            |       |     1 ||     1
  Eat: Chunk             |     2 |     7 ||     9
Armor: Robe              |    41 |    93 ||   134
Dodge: Dodged            |    65 |    68 ||   133
